APL (24 & UNDER)
MONTGOMERY GREY SOX @ EL PASO TEXANS
04/07/2030
 
TOP OF THE 1ST
Montgomery Grey Sox batting - Pitching for El Paso Texans : RHP Oscar Martin
Pitching: RHP Oscar Martin
Batting: SHB Rob Lowe 0-0: Ground out 5-3 (Groundball, 5)
Batting: RHB Randall James 0-0: Ball
1-0: Called Strike
1-1: Foul Ball, location: 2F
1-2: Foul Ball, location: 2F
1-2: SINGLE (Flyball, 9LS)
Batting: RHB Pedro Castro 0-0: Fly out, F7 (Flyball, 78M)
Batting: LHB Aaron Thompson 0-0: Ball
Randall James is caught stealing 2nd base
Top of the 1st over - 0 runs, 1 hit, 0 errors, 0 left on base; Montgomery 0 - El Paso 0
BOTTOM OF THE 1ST
El Paso Texans batting - Pitching for Montgomery Grey Sox : LHP Guillermo Solano
Pitching: LHP Guillermo Solano
Batting: LHB Mark Spencer 0-0: Ball
1-0: Ball
2-0: Swinging Strike
2-1: Ground out U3 (Groundball, 34)
Batting: RHB Cole Boehmer 0-0: Fly out, F1 (Line Drive, 13)
Batting: SHB Richie Gallegos 0-0: DOUBLE (Line Drive, 78D)
Batting: RHB Domingo Morales 0-0: Swinging Strike
0-1: Ball
1-1: Ball
2-1: Swinging Strike
2-2: Ground out 6-3 (Groundball, 6)
Bottom of the 1st over - 0 runs, 1 hit, 0 errors, 1 left on base; Montgomery 0 - El Paso 0
TOP OF THE 2ND
Montgomery Grey Sox batting - Pitching for El Paso Texans : RHP Oscar Martin
Batting: LHB Aaron Thompson 0-0: Ball
1-0: Ball
2-0: Ground out 1-3 (Groundball, 13)
Batting: RHB Bobby Hulsey 0-0: Foul Ball, location: 2F
0-1: Swinging Strike
0-2: Strikes out swinging
Batting: RHB Luis Pineda 0-0: Ball
1-0: Ground out 3-1 (Groundball, 34S)
Top of the 2nd over - 0 runs, 0 hits, 0 errors, 0 left on base; Montgomery 0 - El Paso 0
BOTTOM OF THE 2ND
El Paso Texans batting - Pitching for Montgomery Grey Sox : LHP Guillermo Solano
Batting: SHB António Cervantes 0-0: Ball
1-0: Ball
2-0: Foul Ball, location: 2F
2-1: Ground out 5-3 (Groundball, 56)
Batting: SHB Oliver Riley 0-0: Ball
1-0: Foul Ball, location: 2F
1-1: Foul Ball, location: 2F
1-2: Ball
2-2: Ball
3-2: Foul Ball, location: 2F
3-2: Fly out, F9 (Flyball, 9S)
Batting: LHB John Fitzgerald 0-0: Foul Ball, location: 2F
0-1: Ball
1-1: Called Strike
1-2: Foul Ball, location: 2F
1-2: Ball
2-2: Ball
3-2: Base on Balls
Batting: LHB Dave Tucker 0-0: Fly out, F7 (Flyball, 7S)
Bottom of the 2nd over - 0 runs, 0 hits, 0 errors, 1 left on base; Montgomery 0 - El Paso 0
TOP OF THE 3RD
Montgomery Grey Sox batting - Pitching for El Paso Texans : RHP Oscar Martin
Batting: RHB António Nevárez 0-0: Ball
1-0: Ball
2-0: Called Strike
2-1: Ground out 4-3 (Groundball, 4M)
Batting: RHB Joaquín Medina 0-0: SINGLE (Flyball, 9S)
Batting: RHB Arturo Camacho 0-0: Called Strike
0-1: Ball
1-1: Fly out, F9 (Line Drive, 9LM)
Batting: SHB Rob Lowe 0-0: Foul Ball, location: 2F
0-1: Swinging Strike
0-2: Foul Ball, location: 2F
0-2: Ball
1-2: Foul Ball, location: 2F
1-2: Ball
2-2: Ball
3-2: DOUBLE (Flyball, 89D)
Joaquín Medina to third
Joaquín Medina scores
Batting: RHB Randall James 0-0: Ball
1-0: Swinging Strike
1-1: Reached on error, E9 (Flyball, 89M)
Rob Lowe scores
Batting: RHB Pedro Castro 0-0: Ball
1-0: Fly out, F8 (Line Drive, 8RS)
Top of the 3rd over - 2 runs, 2 hits, 1 error, 1 left on base; Montgomery 2 - El Paso 0
BOTTOM OF THE 3RD
El Paso Texans batting - Pitching for Montgomery Grey Sox : LHP Guillermo Solano
Batting: SHB Miguel Hurtado 0-0: Called Strike
0-1: Ball
1-1: Ball
2-1: Ball
3-1: Fly out, F7 (Flyball, 7S)
Batting: LHB Mark Spencer 0-0: Called Strike
0-1: Ground out 1-3 (Groundball, P)
Batting: RHB Cole Boehmer 0-0: Ball
1-0: Ball
2-0: Foul Ball, location: 2F
2-1: Foul Ball, location: 2F
2-2: Strikes out swinging
Bottom of the 3rd over - 0 runs, 0 hits, 0 errors, 0 left on base; Montgomery 2 - El Paso 0
TOP OF THE 4TH
Montgomery Grey Sox batting - Pitching for El Paso Texans : RHP Oscar Martin
Batting: LHB Aaron Thompson 0-0: Called Strike
0-1: Ball
1-1: Ball
2-1: Ball
3-1: Base on Balls
Batting: RHB Bobby Hulsey 0-0: Called Strike
0-1: Called Strike
0-2: Foul Ball, location: 2F
0-2: Foul Ball, location: 2F
0-2: Ground out 4-3 (Groundball, 34)
Aaron Thompson to second
Batting: RHB Luis Pineda 0-0: SINGLE (Groundball, 34D)
Aaron Thompson to third
Runner from 3rd tries for Home, SAFE, no throw
Batting: RHB António Nevárez 0-0: Ball
1-0: Ball
2-0: Ball
3-0: Called Strike
3-1: Foul Ball, location: 2F
3-2: Foul Ball, location: 2F
3-2: SINGLE (Line Drive, 8RS)
Luis Pineda to second
Luis Pineda to third
Batting: RHB Joaquín Medina 0-0: Ball
1-0: Ball
2-0: DOUBLE (Line Drive, 8RD)
Luis Pineda scores
António Nevárez to third
Batting: RHB Arturo Camacho 0-0: Called Strike
0-1: Ball
1-1: Ball
2-1: SINGLE (Groundball, 34S) (infield hit)
António Nevárez scores
Joaquín Medina to third
Batting: SHB Rob Lowe 0-0: Ball
Arturo Camacho is caught stealing 2nd base
1-0: Called Strike
1-1: Ball
2-1: Ground out 6-3 (Groundball, 6)
Top of the 4th over - 3 runs, 4 hits, 0 errors, 1 left on base; Montgomery 5 - El Paso 0
BOTTOM OF THE 4TH
El Paso Texans batting - Pitching for Montgomery Grey Sox : LHP Guillermo Solano
Batting: SHB Richie Gallegos 0-0: Ball
1-0: Foul Ball, location: 2F
1-1: SINGLE (Groundball, 34) (infield hit)
Batting: RHB Domingo Morales 0-0: Ball
1-0: Swinging Strike
1-1: Called Strike
1-2: Fly out, F1 (Popup, P)
Batting: SHB António Cervantes 0-0: Ball
1-0: Called Strike
1-1: Ball
2-1: Swinging Strike
2-2: Fly out, F6 (Popup, 56)
Batting: SHB Oliver Riley 0-0: Ball
1-0: Ball
2-0: Ball
3-0: Called Strike
3-1: Called Strike
3-2: SINGLE (Line Drive, 56)
Richie Gallegos to second
Richie Gallegos to third
Batting: LHB John Fitzgerald 0-0: Ball
1-0: Ball
2-0: Ball
3-0: Called Strike
3-1: Base on Balls
Oliver Riley to second
Batting: LHB Dave Tucker 0-0: Ground out 4-3 (Groundball, 4)
Bottom of the 4th over - 0 runs, 2 hits, 0 errors, 3 left on base; Montgomery 5 - El Paso 0
TOP OF THE 5TH
Montgomery Grey Sox batting - Pitching for El Paso Texans : RHP Oscar Martin
Batting: RHB Randall James 0-0: Foul Ball, location: 2F
0-1: Ball
1-1: Foul Ball, location: 2F
1-2: Foul Ball, location: 2F
1-2: Ball
2-2: Strikes out swinging
Batting: RHB Pedro Castro 0-0: Ball
1-0: Swinging Strike
1-1: Ball
2-1: Ball
3-1: Fly out, F7 (Flyball, 78S)
Batting: LHB Aaron Thompson 0-0: Ball
1-0: Ball
2-0: Foul Ball, location: 2F
2-1: Ball
3-1: Swinging Strike
3-2: Strikes out swinging
Top of the 5th over - 0 runs, 0 hits, 0 errors, 0 left on base; Montgomery 5 - El Paso 0
BOTTOM OF THE 5TH
El Paso Texans batting - Pitching for Montgomery Grey Sox : LHP Guillermo Solano
Batting: SHB Miguel Hurtado 0-0: Ball
1-0: Foul Ball, location: 2F
1-1: Foul Ball, location: 2F
1-2: Foul Ball, location: 2F
1-2: Strikes out swinging
Batting: LHB Mark Spencer 0-0: Ball
1-0: Ball
2-0: SINGLE (Groundball, 6D)
Batting: RHB Cole Boehmer 0-0: Ball
1-0: Called Strike
1-1: Ball
2-1: Foul Ball, location: 2F
2-2: Grounds into double play, 4-6-3 (Groundball, 4)
Bottom of the 5th over - 0 runs, 1 hit, 0 errors, 0 left on base; Montgomery 5 - El Paso 0
TOP OF THE 6TH
Montgomery Grey Sox batting - Pitching for El Paso Texans : RHP Oscar Martin
Pitching: RHP Mike Church
Batting: RHB Bobby Hulsey 0-0: Ball
1-0: Ball
2-0: Ball
3-0: Called Strike
3-1: Base on Balls
Batting: RHB Luis Pineda 0-0: Fly out, F8 (Flyball, 8LXD)
Batting: RHB António Nevárez 0-0: Called Strike
0-1: Ball
1-1: Ball
2-1: Ball
3-1: Foul Ball, location: 2F
3-2: Base on Balls
Bobby Hulsey to second
Batting: RHB Joaquín Medina 0-0: Ball
1-0: Ball
2-0: Grounds into double play, 3-6-3 (Groundball, 34)
Top of the 6th over - 0 runs, 0 hits, 0 errors, 1 left on base; Montgomery 5 - El Paso 0
BOTTOM OF THE 6TH
El Paso Texans batting - Pitching for Montgomery Grey Sox : LHP Guillermo Solano
Batting: SHB Richie Gallegos 0-0: Ball
1-0: Called Strike
1-1: Ball
2-1: Foul Ball, location: 2F
2-2: Strikes out swinging
Batting: RHB Domingo Morales 0-0: Swinging Strike
0-1: Ball
1-1: Ball
2-1: Called Strike
2-2: Ball
3-2: Fly out, F8 (Flyball, 8LM)
Batting: SHB António Cervantes 0-0: Ball
1-0: Swinging Strike
1-1: Swinging Strike
1-2: Ground out 6-3 (Groundball, 6S)
Bottom of the 6th over - 0 runs, 0 hits, 0 errors, 0 left on base; Montgomery 5 - El Paso 0
TOP OF THE 7TH
Montgomery Grey Sox batting - Pitching for El Paso Texans : RHP Mike Church
Batting: RHB Arturo Camacho 0-0: Called Strike
0-1: Foul Ball, location: 2F
0-2: Strikes out swinging
Batting: SHB Rob Lowe 0-0: Called Strike
0-1: Ball
1-1: Ball
2-1: Called Strike
2-2: Ball
3-2: Strikes out swinging
Batting: RHB Randall James 0-0: Ball
1-0: Called Strike
1-1: SINGLE (Flyball, 9S)
Batting: RHB Pedro Castro 0-0: Foul Ball, location: 2F
0-1: Ball
Randall James is caught stealing 2nd base
Top of the 7th over - 0 runs, 1 hit, 0 errors, 0 left on base; Montgomery 5 - El Paso 0
BOTTOM OF THE 7TH
El Paso Texans batting - Pitching for Montgomery Grey Sox : LHP Guillermo Solano
Batting: SHB Oliver Riley 0-0: SOLO HOME RUN (Flyball, 7LD), Distance : 374 ft
Batting: LHB John Fitzgerald 0-0: Called Strike
0-1: Reached on error, E5 (Groundball, 5L)
Pitching: RHP Michael MacDonald
Batting: LHB Dave Tucker 0-0: Called Strike
0-1: Swinging Strike
0-2: Ball
1-2: Ball
2-2: Ball
3-2: Base on Balls
John Fitzgerald to second
Batting: SHB Miguel Hurtado 0-0: Ball
1-0: Grounds into double play, 4-6-3 (Groundball, 4)
John Fitzgerald to third
Batting: LHB Mark Spencer 0-0: Ball
1-0: Ball
2-0: Ground out 4-3 (Groundball, 4)
Bottom of the 7th over - 1 run, 1 hit, 1 error, 1 left on base; Montgomery 5 - El Paso 1
TOP OF THE 8TH
Montgomery Grey Sox batting - Pitching for El Paso Texans : RHP Mike Church
Batting: RHB Pedro Castro 0-0: Called Strike
0-1: Ball
1-1: Called Strike
1-2: Strikes out swinging
Batting: LHB Aaron Thompson 0-0: Called Strike
0-1: Foul Ball, location: 2F
0-2: Ball
1-2: Ball
2-2: DOUBLE (Line Drive, 78D)
Pitching: LHP Carlos Hernández
Batting: RHB Bobby Hulsey 0-0: Ball
1-0: Ball
2-0: Called Strike
2-1: Foul Ball, location: 2F
2-2: Foul Ball, location: 2F
2-2: Ball
3-2: Base on Balls
Batting: RHB Luis Pineda 0-0: Ball
1-0: Fly out, F2 (Popup, 25F)
Batting: RHB António Nevárez 0-0: Ball
1-0: Called Strike
1-1: Foul Ball, location: 2F
1-2: Strikes out swinging
Top of the 8th over - 0 runs, 1 hit, 0 errors, 2 left on base; Montgomery 5 - El Paso 1
BOTTOM OF THE 8TH
El Paso Texans batting - Pitching for Montgomery Grey Sox : RHP Michael MacDonald
Batting: RHB Cole Boehmer 0-0: Ball
1-0: Called Strike
1-1: Called Strike
1-2: Ball
2-2: Foul Ball, location: 2F
2-2: Strikes out swinging
Batting: SHB Richie Gallegos 0-0: Ball
1-0: Ball
2-0: Called Strike
2-1: DOUBLE (Flyball, 89XD)
Batting: RHB Domingo Morales 0-0: Ball
1-0: Foul Ball, location: 2F
1-1: Swinging Strike
1-2: Ball
2-2: Ground out 6-3 (Groundball, 56)
Batting: SHB António Cervantes 0-0: Ball
1-0: Swinging Strike
1-1: SINGLE (Line Drive, 34D)
Richie Gallegos to third
Runner from 3rd tries for Home, SAFE, no throw
Batting: SHB Oliver Riley 0-0: Foul Ball, location: 2F
0-1: Ball
1-1: Ball
Passed Ball!
António Cervantes to second
2-1: Ball
3-1: Fly out, F7 (Flyball, 7S)
Bottom of the 8th over - 1 run, 2 hits, 0 errors, 1 left on base; Montgomery 5 - El Paso 2
TOP OF THE 9TH
Montgomery Grey Sox batting - Pitching for El Paso Texans : LHP Carlos Hernández
Batting: RHB Joaquín Medina 0-0: Called Strike
0-1: Ball
1-1: Fly out, F9 (Line Drive, 89S)
Batting: RHB Arturo Camacho 0-0: Foul Ball, location: 2F
0-1: Foul Ball, location: 2F
0-2: Foul Ball, location: 2F
0-2: Ball
1-2: Strikes out looking
Batting: SHB Rob Lowe 0-0: Called Strike
0-1: Called Strike
0-2: Strikes out swinging
Top of the 9th over - 0 runs, 0 hits, 0 errors, 0 left on base; Montgomery 5 - El Paso 2
BOTTOM OF THE 9TH
El Paso Texans batting - Pitching for Montgomery Grey Sox : RHP Michael MacDonald
Pitching: RHP Shawn Jones
Batting: LHB John Fitzgerald 0-0: Ball
1-0: Ball
2-0: Ball
3-0: Called Strike
3-1: Swinging Strike
3-2: Ground out 4-3 (Groundball, 4)
Batting: LHB Dave Tucker 0-0: Called Strike
0-1: Called Strike
0-2: Ball
1-2: Foul Ball, location: 2F
1-2: SOLO HOME RUN (Flyball, 9D), Distance : 393 ft
Batting: SHB Miguel Hurtado 0-0: Ball
1-0: Called Strike
1-1: Fly out, F5 (Popup, 56)
Batting: LHB Mark Spencer 0-0: Ball
1-0: Ball
2-0: Ball
3-0: Called Strike
3-1: Foul Ball, location: 2F
3-2: Base on Balls
Batting: RHB Cole Boehmer 0-0: Foul Ball, location: 2F
0-1: Ball
1-1: Ball
2-1: SINGLE (Line Drive, 56D)
Mark Spencer to second
Batting: SHB Richie Gallegos 0-0: Ground out U3 (Groundball, 34S)
Bottom of the 9th over - 1 run, 2 hits, 0 errors, 2 left on base; Montgomery 5 - El Paso 3
Saturday, April 7th, 2018 - OOTP Baseball 18.8 Build 76